 Dungeon Crawl Stone Soup version 0.29.1-4-g47bece8355 (webtiles) character file.

Game seed: 11578228033537939237

11420 leafyfresh the Nimble (level 12, -17/83 HPs)
             Began as a Djinni Ice Elementalist on Dec 9, 2022.
             Was a Believer of Elyvilon.
             Killed by the air
             ... invoked by Gastronok
              (21 damage)
             ... on level 1 of the Lair of Beasts.
             The game lasted 00:35:45 (14889 turns).

leafyfresh the Nimble (Djinni Ice Elementalist)    Turns: 14889, Time: 00:35:46

Health: -17/83     AC:  5    Str:  7    XL:     12   Next: 7%
Gold:   544        EV: 22    Int: 22    God:    Elyvilon [**....] SH:  5 Dex: 14

rFire   + + .      SeeInvis .   n - staff of cold
rCold   . . .      Faith    .   (no shield)
rNeg    . . .      Spirit   .   a - +0 robe
rPois   ∞          Reflect  +   (no helmet)
rElec   .          Harm     .   i - +0 cloak
rCorr   +          Rampage  .   o - +1 pair of gloves
Will    +....                   (boots unavailable)
Stlth   +.........              m - amulet of reflection
HPRegen 0.23/turn               j - ring of resist corrosion
MPRegen 0.00/turn               q - +4 ring of evasion

@: silenced, flying
A: sickness immunity, fire resistance 2, cold vulnerability 1, float, innate
caster, HP casting, extra vitality 1
a: Renounce Religion


You were on level 1 of the Lair of Beasts.
You worshipped Elyvilon.
Elyvilon was pleased with you.
You visited 3 branches of the dungeon, and saw 10 of its levels.
You also visited: Sewer.

You collected 544 gold pieces.

Inventory:

Hand Weapons
 h - a +0 club
 u - a +0 short sword
 y - a +3 quarterstaff of chaos
 B - a +2 hammer of protection
 C - a +0 hammer
 I - the +6 rapier "Murmur" {venom, rF+ Str+7}
   (You found it on level 1 of the Lair of Beasts)

   It poisons the flesh of those it strikes.
   Str:       It affects your strength (+7).
   rF:        It protects you from fire.
Missiles
 g - 4 throwing nets
 l - 12 boomerangs (quivered)
Armour
 a - a +0 robe (worn)
 i - a +0 cloak (worn)
 o - a +1 pair of gloves (worn)
 A - the +2 pair of boots "Gaotuwi" {rCorr Int+5 Stlth+}
   (You found it on level 7 of the Dungeon)

   Int:       It affects your intelligence (+5).
   rCorr:     It protects you from acid and corrosion.
   Stlth:     It makes you more stealthy.
Magical Staves
 n - a staff of cold (weapon)
Jewellery
 j - a ring of resist corrosion (left hand)
 m - an amulet of reflection (around neck)
 q - a +4 ring of evasion (right hand)
Wands
 r - a wand of flame (17)
 x - a wand of light (12)
 G - a wand of polymorph (4)
Scrolls
 e - 4 scrolls of teleportation
 f - 7 scrolls of enchant armour
 p - 3 scrolls of enchant weapon
 E - 2 scrolls of poison {unknown}
 H - 2 scrolls of blinking {unknown}
 J - a scroll of fear {unknown}
Potions
 c - a potion of cancellation
 d - 2 potions of magic
 k - 3 potions of curing
 s - 2 potions of heal wounds
 t - a potion of attraction
 v - a potion of ambrosia
 w - a potion of might {unknown}
 z - a potion of brilliance {unknown}
 D - a potion of haste
 F - a potion of invisibility {unknown}


   Skills:
 + Level 6.3 Fighting
 - Level 12.1 Dodging
 - Level 3.0 Stealth
 + Level 5.5 Unarmed Combat
 - Level 9.5 Spellcasting
 - Level 2.6 Invocations


You had 7 spell levels left.
You knew the following spells:

 Your Spells              Type           Power      Damage    Failure   Level
a - Freeze                Ice            100%       1d11      1%          1
b - Frozen Ramparts       Ice            100%       1d16      1%          3
c - Ozocubu's Armour      Ice            68%        N/A       1%          3
d - Hailstorm             Conj/Ice       68%        3d14      1%          4
e - Sandblast             Erth           100%       2d20      1%          1
f - Passwall              Tmut/Erth      42%        N/A       1%          2
g - Ensorcelled Hibernat  Hex/Ice        100%       N/A       1%          2
h - Lesser Beckoning      Tloc           51%        N/A       1%          3
i - Ice Form              Ice/Tmut       68%        N/A       1%          4
Your spell library was empty.

Dungeon Overview and Level Annotations

Branches:
Dungeon (8/15)             Temple (1/1) D:6            Lair (1/5) D:8
  Sewer (visited)

Altars:
Ashenzari
Cheibriados
Dithmenos
Elyvilon
Fedhas
Gozag
Hepliaklqana
Makhleb
Nemelex Xobeh
Okawaru
Qazlal
Ru
Trog
Uskayaw
Wu Jian
Xom
Yredelemnul
Zin
The Shining One

Shops:
D:1 (!*=   D:4 *[

Annotations:
D:4 1 runed translucent door, DandyGuy's ghost, novice MiBe
D:7 1 transporter, iamoutofideas's ghost, novice HOGl
Lair:1 Gastronok


Innate Abilities, Weirdness & Mutations

You are immune to sickness and miasma.
You are immune to poison.
Your flesh is very heat resistant. (rF++)
You are vulnerable to cold. (rC-)
You float through the air rather than walking.
You learn spells naturally, not from books.
Your magical power is your life essence.
You have superior vitality. (+4 MHP)


Message History

You feel a surge of power! A film of ice covers your body!
Casting: Ozocubu's Armour (safe; 1% risk of failure)
Confirm with . or Enter, or press ? or * to list all spells.
Aiming: Sandblast (safe; 1% risk of failure)
Press: ? - help, Shift-Dir - straight line, f - Gastronok
Aim: Gastronok, wearing a +0 hat of intelligence (100% to hit)
The blast of sand hits Gastronok!
Gastronok is lightly wounded.
Unknown command.
Casting: Sandblast (safe; 1% risk of failure)
Confirm with . or Enter, or press ? or * to list all spells.
Aiming: Sandblast (safe; 1% risk of failure)
Press: ? - help, Shift-Dir - straight line, f/p - Gastronok
Aim: Gastronok, wearing a +0 hat of intelligence (lightly wounded, 100% to hit)
The blast of sand hits Gastronok!!
Gastronok is moderately wounded.
The wall freezes Gastronok!
Gastronok waves his eye-stalks in wide circles.
The air twists around and strikes you!!
* * * LOW HITPOINT WARNING * * *
Unknown command.
Casting: Sandblast (safe; 1% risk of failure)
Confirm with . or Enter, or press ? or * to list all spells.
Okay, then.
Unknown command.
You are healed.
You can no longer provide healing for yourself.
The wall freezes Gastronok.
Gastronok waves his eye-stalks in wide circles.
The air twists around and strikes you!!
* * * LOW HITPOINT WARNING * * *
As you read the scroll of silence, it crumbles to dust.
A profound silence engulfs you.
Unknown command.
Your icy armour and frozen ramparts will break if you move.
Continue?
Your icy armour cracks and falls away as you move.
The frozen ramparts melt away as you move.
Gastronok waves his eye-stalks in wide circles.
The air twists around and strikes you!!
You die...

.....................##
####.##.#............#
#######.....>.....#
#...'##.....##
#....w......P# ##
###.)...#.....##
.#######P#..#..'.....#
............##.P.....#
................@....##
......................#
.....................##
..#####.######P......#
#.# ##.# ##......# ..#
#..# #......# #.# ##.#
#......# #.# #[##
#......# #.# #..#
#......#


You could see Gastronok.

Vanquished Creatures
  Pikel (D:6)
  2 cane toads (Lair:1)
  Maggie (D:7)
  A komodo dragon (Lair:1)
  2 polar bears (Lair:1)
  A troll (D:6)
  10 blink frogs (Lair:1)
  Sigmund (D:5)
  12 yaks
  A wyvern (D:8)
  Grum (D:8)
  A basilisk (Lair:1)
  A steam dragon (D:8)
  2 wargs (D:8)
  4 water moccasins
  An ice beast (D:7)
  An orc warrior (D:8)
  2 sky beasts (D:6)
  3 black bears
  2 ogres
  8 wolves
  4 centaurs
  A phantom (D:6)
  2 kobold brigands (D:6)
  A bullfrog (D:7)
  A gnoll sergeant (D:5)
  3 necrophages
  4 scorpions
  4 wights
  3 killer bees
  2 howler monkeys (D:6)
  4 jellies
  Crazy Yiuf (D:7)
  5 hounds
  5 orc priests
  2 gnoll boudas
  4 iguanas
  5 orc wizards
  A hell rat (Lair:1)
  20 gnolls
  5 adders
  6 river rats
  A shadow imp (Sewer)
  3 white imps
  5 ufetubi
  An adder zombie (Sewer)
  3 worms
  A dart slug (D:1)
  26 orcs
  7 ball pythons
  4 endoplasms
  19 giant cockroaches
  5 goblins
  9 hobgoblins
  2 jackals (D:2)
  4 quokkas
  4 bats
  5 frilled lizards
  22 kobolds
  2 kobold zombies (Sewer)
  9 rats
273 creatures vanquished.

Vanquished Creatures (others)
  2 fungi (Lair:1)
  5 plants
7 creatures vanquished.

Grand Total: 280 creatures vanquished

Notes
Turn   | Place    | Note
-------+----------+-------------------------------------------
     0 | D:1      | leafyfresh the Djinni Ice Elementalist began the quest for
                  | the Orb.
     0 | D:1      | leafyfresh set off with the following spells memorised:
                  | Freeze, Frozen Ramparts, Ozocubu's Armour, Hailstorm.
     0 | D:1      | Reached XP level 1. HP: 15/15 MP: 0/0
   173 | D:1      | Found Rurhetya's General Store.
   222 | D:1      | Reached XP level 2. HP: 16/21 MP: 0/0
   667 | D:1      | Found Ammuz's Antique Weapon Shoppe.
   934 | D:1      | Reached XP level 3. HP: 9/25 MP: 0/0
   934 | D:1      | Learned a level 1 spell: Sandblast
  1390 | D:1      | Found Kizarhoa's Jewellery Boutique.
  1609 | D:1      | Found Sequdaj's Distillery.
  1707 | D:1      | Reached skill level 3 in Dodging
  2335 | D:2      | Reached XP level 4. HP: 28/31 MP: 0/0
  3883 | D:4      | Found a hazy altar of Hepliaklqana.
  3927 | D:4      | Found a runed translucent door.
  3932 | D:4      | Noticed DandyGuy's ghost (novice MiBe)
  3961 | D:4      | Reached XP level 5. HP: 32/35 MP: 0/0
  3961 | D:4      | Learned a level 2 spell: Passwall
  3979 | D:4      | Reached skill level 4 in Dodging
  3980 | D:4      | Found a glowing drain.
  3987 | Sewer    | Entered a sewer
  4558 | Sewer    | Reached XP level 6. HP: 19/40 MP: 0/0
  4856 | Sewer    | Noticed Grinder
  4857 | Sewer    | Reached skill level 5 in Dodging
  5362 | D:4      | Found Reddacur's Assorted Antiques.
  5371 | D:4      | Reached XP level 7. HP: 39/45 MP: 0/0
  5371 | D:4      | Learned a level 2 spell: Ensorcelled Hibernation
  5565 | D:4      | Reached skill level 5 in Spellcasting
  6065 | D:4      | Reached skill level 6 in Dodging
  6206 | D:4      | Found Fereydun's Dragon-Slaying Spoils.
  6679 | D:5      | Entered Level 5 of the Dungeon
  6948 | D:5      | Noticed Sigmund
  7284 | D:5      | Reached XP level 8. HP: 45/50 MP: 0/0
  7413 | D:5      | Reached skill level 7 in Dodging
  7847 | D:5      | Killed Sigmund
  7848 | D:5      | Reached skill level 8 in Dodging
  8350 | D:6      | Reached XP level 9. HP: 45/55 MP: 0/0
  8350 | D:6      | Learned a level 3 spell: Lesser Beckoning
  8466 | D:6      | Reached skill level 9 in Dodging
  8684 | D:6      | Noticed Pikel
  8689 | D:6      | Killed Pikel
  8894 | D:6      | Noticed a troll
  8903 | D:6      | Killed a troll
  8904 | D:6      | Reached skill level 10 in Dodging
  9111 | D:6      | Reached XP level 10. HP: 56/60 MP: 0/0
  9297 | D:6      | Found a staircase to the Ecumenical Temple.
  9393 | Temple   | Entered the Ecumenical Temple
  9505 | Temple   | Became a worshipper of Elyvilon the Healer
 10040 | D:7      | Noticed Maggie
 10251 | D:7      | Identified the +2 pair of boots "Gaotuwi" {rCorr Int+5
                  | Stlth+}
 10326 | D:7      | Found a transporter.
 10327 | D:7      | Identified the +7 dire flail "Cerikid" {speed, rN+ Dex+3
                  | Stlth-}
 10327 | D:7      | Noticed a two-headed ogre
 10327 | D:7      | Noticed iamoutofideas's ghost (novice HOGl)
 10345 | D:7      | Reached skill level 11 in Dodging
 10531 | D:7      | Killed Maggie
 11051 | D:7      | Reached * piety under Elyvilon
 11072 | D:7      | Found a runed translucent door.
 11073 | D:7      | Noticed Crazy Yiuf
 11416 | D:7      | Killed Crazy Yiuf
 11530 | D:8      | Noticed Grum
 11646 | D:8      | Killed Grum
 12039 | D:8      | Reached skill level 12 in Dodging
 12197 | D:8      | Reached XP level 11. HP: 43/66 MP: 0/0
 12197 | D:8      | Learned a level 4 spell: Ice Form
 12202 | D:8      | Reached skill level 1 in Fighting
 12258 | D:8      | Reached skill level 1 in Invocations
 12691 | D:8      | Reached ** piety under Elyvilon
 12932 | D:8      | Found a staircase to the Lair.
 13007 | D:8      | Found a burning altar of Makhleb.
 13180 | Lair:1   | Entered Level 1 of the Lair of Beasts
 13240 | Lair:1   | Reached skill level 1 in Unarmed Combat
 13644 | Lair:1   | Reached skill level 5 in Fighting
 13723 | Lair:1   | Identified the +6 rapier "Murmur" {venom, rF+ Str+7}
 13737 | Lair:1   | Noticed Gastronok
 14190 | Lair:1   | Reached skill level 5 in Unarmed Combat
 14192 | Lair:1   | Reached XP level 12. HP: 60/82 MP: 0/0
 14678 | Lair:1   | Reached *** piety under Elyvilon
 14886 | Lair:1   | HP: 4/83 [Gastronok/the air (30)]
 14889 | Lair:1   | Killed from afar by Gastronok

Illustrated notes

Levels and vault maps discovered:
D:1:      dpeg_arrival_arbitrary_b, layout_basic, serial_shops, shop, shop,
          nicolae_shop_temple_entry_statues_fountains,
          nicolae_shop_advertising_works [nicolae_subvault_shop_adworks],
          supply_closet_lemuel
D:2:      minmay_roachtagon, layout_rooms, basic_altar
D:3:      layout_basic
D:4:      layout_layer_cave, nzn_hepliaklqana_mist_gate, serial_shops,
          nicolae_shop_hallway_stairs, portal_sewer_entry_b,
          gammafunk_ghost_grave, nicolae_concentric_dashed_squares_mild,
          minmay_misc_feat_rugged, nicolae_shop_dragon_depot
D:5:      layout_basic, uniq_sigmund
D:6:      minmay_chambers_of_threes, layout_basic,
          minmay_temple_entry_glassed_door, minivault_1, minivault_10,
          uniq_pikel
D:7:      layout_loops_ring, gammafunk_ghost_smash, uniq_maggie,
          uniq_crazy_yiuf_cottage
D:8:      layout_rooms, mainiacjoe_overflow_surrounded_room,
          erik_lair_orcish_takeover, uniq_grum
Temple:   hellmonk_temple_of_storms
Lair:1:   layout_chaotic_city, kennysheep_rathole, uniq_gastronok

Skill      XL: |  1  2  3  4  5  6  7  8  9 10 11 12 |
---------------+-------------------------------------+-----
Dodging        | 3 4 5 6 8 10 12 | 12.1
Spellcasting   | 4 5 6 7 9 |  9.5
Fighting       | 5 6 |  6.3
Stealth        | 3 |  3.0
Invocations    | 2 |  2.6
Unarmed Combat | 5 |  5.5

Action                   |  1- 3 |  4- 6 |  7- 9 | 10-12 || total
-------------------------+-------+-------+-------+-------++-------
Melee: Unarmed           |    35 |       |       |       ||    35
       Club              |    30 |       |       |       ||    30
       Staff             |     1 |    51 |    10 |     3 ||    65
       Punch             |       |     1 |       |       ||     1
Throw: Boomerang         |     2 |     6 |     3 |     6 ||    17
 Cast: Freeze            |    32 |    23 |    15 |    28 ||    98
       Frozen Ramparts   |     4 |    25 |    31 |    41 ||   101
       Ozocubu's Armour  |       |     7 |    13 |    26 ||    46
       Sandblast         |       |    26 |    60 |   123 ||   209
       Hailstorm         |       |       |     2 |    25 ||    27
       Ice Form          |       |       |       |     1 ||     1
Invok: Heal Self         |       |       |       |     1 ||     1
  Use: Potion            |     1 |     6 |       |     2 ||     9
       Scroll            |       |     6 |     2 |     5 ||    13
 Stab: Distracted        |       |     1 |       |       ||     1
       Sleeping          |       |     1 |       |       ||     1
Armor: Robe              |    18 |    31 |     6 |    13 ||    68
       Skin              |       |       |       |     1 ||     1
Dodge: Dodged            |    61 |    61 |    39 |    85 ||   246
Block: Other             |       |    20 |    15 |    14 ||    49
       Reflection        |       |     1 |     1 |       ||     2
